 Dungeon Crawl Stone Soup version 0.17.1-1-g73c8601 (webtiles) character file.

79 JustSomeDude the Sneak (level 4, -10/33 HPs)
             Began as a Demonspawn Assassin on Dec 16, 2015.
             Mangled by an ogre
             ... wielding a +0 giant spiked club
              (21 damage)
             ... on level 3 of the Dungeon.
             The game lasted 00:06:44 (2067 turns).

JustSomeDude the Sneak (Demonspawn Assassin)        Turns: 2067, Time: 00:06:44

Health: -10/33     AC:  5    Str: 12    XL:     4   Next: 16%
Magic:  0/4        EV: 12    Int: 13    God:
Gold:   29         SH:  0    Dex: 14    Spells: 0 memorised, 3 levels left

rFire  . . .     SeeInvis .     t - +0 short sword (freeze)
rCold  . . .     Clarity  .     c - +0 robe
rNeg   . . .     SustAt   .     (no shield)
rPois  .         Gourm    .     (no helmet)
rElec  .         Spirit   +     d - +0 cloak
rCorr  .         Warding  .     (no gloves)
rMut   .         Stasis   .     (no boots)
MR     .....                    (no amulet)
Stlth  +++.......               (no ring)
                                (no ring)

@: not resistant to hostile enchantments, fairly stealthy
A: yellow scales 1, magic shield
a: no special abilities


You were on level 3 of the Dungeon.
You were not hungry.

You visited 1 branch of the dungeon, and saw 3 of its levels.

You collected 29 gold pieces.

Inventory:

Hand Weapons
 a - a +2 dagger
 b - a +0 blowgun
 t - a +0 short sword of freezing (weapon)
Missiles
 e - 17 poisoned needles
 f - 2 curare-tipped needles
 r - 3 exploding tomahawks (quivered)
Armour
 c - a +0 robe (worn)
 d - a +0 cloak (worn)
Jewellery
 j - an uncursed ring of see invisible {unknown}
Scrolls
 i - a scroll of enchant weapon {unknown}
 k - 3 scrolls of random uselessness {unknown}
 p - a scroll of identify {unknown}
 q - a scroll of immolation {unknown}
 s - a scroll of remove curse {unknown}
 v - a scroll of blinking {unknown}
Potions
 l - a potion of agility {unknown}
 m - 2 potions of degeneration {unknown}
 n - a potion of heal wounds {unknown}
 u - a potion of brilliance {unknown}
Comestibles
 g - a bread ration
 h - a fruit
 o - a meat ration


   Skills:
 + Level 2.2 Fighting
 + Level 1.8 Short Blades
 + Level 2.0 Throwing
 + Level 2.2 Dodging
 + Level 4.5 Stealth


You had 3 spell levels left.
You didn't know any spells.

Dungeon Overview and Level Annotations

Branches:
Dungeon (3/15)

Altars:
Sif Muna


Innate Abilities, Weirdness & Mutations

You are partially covered in yellow scales (AC +2).
When hurt, damage is shared between your health and your magic reserves.


Message History

You kill the worm!
The explosion of tomahawk fragments engulfs the ogre.
The ogre is severely wounded.
Throwing (i - inventory):
r - 4 exploding tomahawks (quivered)
Press: ? - help, Shift-Dir - straight line, f - bat
Aim: a bat You throw an exploding tomahawk.
The exploding tomahawk completely misses the bat.
The exploding tomahawk explodes!
The bat closely misses you.
You barely miss the bat. The bat hits you but does no damage.
The bat hits you but does no damage. The bat hits you.
The bat closely misses you. The bat barely misses you.
You hit the bat. You freeze the bat.
The bat is severely wounded.
The bat hits you.
The ogre hits you with a giant spiked club!!
Ouch! That really hurt!
You die...

####...#?#.#..#. #
######....%.........
.##......####...#...#
...O#####.†.....#..#
#.### #.####..#..#
#..# #.# #.....###
##)# ##.# #.......#
#.## #w.# ###O.##..#
#..# #.## #@.# .#
##.# #O# #..# #.#
##.# .b##
#.###..#####.#.#
#.##..###....#...
#.##.## #.####.#
#..#.####.#.....
##.....w....##.#
###...####.###


You could see an ogre and a bat.

Vanquished Creatures
  An adder (D:2)
  5 oozes
  A worm (D:3)
  2 bats
  A giant cockroach (D:1)
  7 hobgoblins
  8 kobolds
  A quokka (D:2)
  4 giant newts
  9 goblins
  5 rats
44 creatures vanquished.

Notes
Turn   | Place    | Note
--------------------------------------------------------------
     0 | D:1      | JustSomeDude the Demonspawn Assassin began the quest for the Orb.
     0 | D:1      | Reached XP level 1. HP: 16/16 MP: 1/1
    26 | D:1      | Reached skill level 1 in Dodging
   151 | D:1      | Reached skill level 4 in Stealth
   254 | D:1      | Gained mutation: When hurt, damage is shared between your health and your magic reserves. [demonic ancestry]
   254 | D:1      | Reached XP level 2. HP: 20/22 MP: 2/2
   707 | D:1      | Reached XP level 3. HP: 13/27 MP: 1/3
  1446 | D:2      | Found a deep blue altar of Sif Muna.
  1949 | D:2      | Gained mutation: You are partially covered in yellow scales (AC +2). [demonic ancestry]
  1949 | D:2      | Reached XP level 4. HP: 31/33 MP: 4/4
  1986 | D:3      | Noticed an ogre
  2067 | D:3      | Mangled by an ogre

Action                   |  1- 3 |  4- 6 || total
-------------------------+-------+-------++-------
Melee: Dagger            |   144 |       ||   144
       Short sword       |     7 |    13 ||    20
Throw: Tomahawk          |       |     5 ||     5
 Stab: Sleeping          |     9 |       ||     9
  Eat: Bread ration      |     1 |       ||     1
